 Dungeon Crawl Stone Soup version 0.27.1-15-g792fb953b9 (webtiles) character file.

Game seed: 346973114908522071

222 getbrecked the Cudgeller (level 6, 0/48 HPs)
             Began as a Human Berserker on Nov 19, 2021.
             Was a Believer of Trog.
             Shot with an arrow by a centaur (5 damage)
             ... on level 5 of the Dungeon.
             The game lasted 00:20:25 (2292 turns).

getbrecked the Cudgeller (Human Berserker)          Turns: 2292, Time: 00:20:26

Health: 0/48       AC:  7    Str: 19    XL:     6   Next: 19%
Magic:  6/6        EV: 10    Int:  8    God:    Trog [**....]
Gold:   78         SH:  0    Dex: 12    Spells: 5/5 levels left

rFire    . . .     SeeInvis .   f - +0 morningstar
rCold    . . .     Faith    .   (no shield)
rNeg     . . .     Spirit   .   o - +0 scale mail
rPois    .         Reflect  .   g - +0 helmet
rElec    .         Harm     .   (no cloak)
rCorr    .         Rampage  .   (no gloves)
Will     ++...                  (no boots)
Stlth    ..........             (no amulet)
HPRegen  1.16/turn              (no ring)
MPRegen  0.10/turn              (no ring)

@: strong-willed, regenerating
A: no striking features
a: Renounce Religion, Berserk, Trog's Hand


You were on level 5 of the Dungeon.
You worshipped Trog.
Trog was pleased with you.
You visited 1 branch of the dungeon, and saw 5 of its levels.

You collected 78 gold pieces.

Inventory:

Hand Weapons
 a - a +0 mace
 f - a +0 morningstar (weapon)
 i - a +0 dagger
 j - a +0 dagger
Missiles
 d - 16 arrows
 n - 26 bolts
Armour
 b - a +0 animal skin
 g - a +0 helmet (worn)
 o - a +0 scale mail (worn)
Jewellery
 h - a ring of wizardry
Scrolls
 e - a scroll of identify
 l - a scroll of fear
 m - a scroll of noise {unknown}


   Skills:
 + Level 3.7 Fighting
 + Level 5.3 Maces & Flails
 + Level 2.3 Armour
 + Level 2.8 Dodging
 + Level 0.9 Stealth


You had 5 spell levels left.
You didn't know any spells.
Your spell library was empty.

Dungeon Overview and Level Annotations

Branches:
Dungeon (5/15)
 Temple: D:4-7

Altars:
Qazlal

Annotations:
D:2 1 exclusion


Message History

Trog accepts your kill.
You start resting.
Your extra speed is starting to run out.
You feel yourself slow down.
A centaur comes into view.
The centaur shouts!
You hear a shout!
The centaur wields a +0 shortbow.
The centaur shoots an arrow.
The arrow hits you.
A centaur comes into view.
The centaur wields a +0 shortbow.
The centaur shoots an arrow.
The arrow hits you!
The centaur shoots an arrow.
The arrow hits you!
The centaur shoots an arrow.
The arrow closely misses you.
The centaur unwields a +0 shortbow.
The centaur hits you but does no damage.
The centaur completely misses you.
The centaur shoots an arrow.
The arrow hits you! The centaur barely misses you.
The centaur kicks you but does no damage.
You hit the centaur.
The centaur is lightly wounded.
The centaur shoots an arrow.
The arrow hits you!
* * * LOW HITPOINT WARNING * * *
A centaur zombie comes into view.
The centaur hits you but does no damage.
The centaur kicks you but does no damage.
The centaur shoots an arrow.
The arrow hits you.
* * * LOW HITPOINT WARNING * * *
Your skin crawls.
You feel strong-willed.
The centaur hits you but does no damage.
The centaur closely misses you.
The centaur shoots an arrow.
The arrow completely misses you. The centaur hits you.
* * * LOW HITPOINT WARNING * * *
The centaur misses you.
The centaur shoots an arrow.
The arrow closely misses you.
The centaur wields a +0 shortbow.
The centaur shoots an arrow.
The arrow hits you but does no damage.
The centaur shoots an arrow.
The arrow closely misses you.
The centaur shoots an arrow.
The arrow hits you.
You die...

# ##.#.. #
#.....## .#
......#.# #.#
##........ ...
...#..#.c##.# #
###.#..##Zc.# .#
........##.##..#
#....@.....#
##..######.#
#..# #..# #..#
#..# #..# #..###
#....#


You could see a centaur.

Vanquished Creatures
  An ogre (D:5)
  A bullfrog skeleton (D:5)
  3 gnolls (D:4)
  4 adders
  A dart slug (D:1)
  A ball python (D:3)
  5 bats
  3 endoplasms (D:2)
  3 giant cockroaches
  5 goblins
  3 hobgoblins
  3 quokkas
  4 frilled lizards
  5 kobolds
  6 rats
48 creatures vanquished.

Notes
Turn   | Place    | Note
-------+----------+-------------------------------------------
     0 | D:1      | getbrecked the Human Berserker began the quest for the Orb.
     0 | D:1      | Reached XP level 1. HP: 18/18 MP: 1/1
   148 | D:1      | Reached XP level 2. HP: 24/24 MP: 2/2
   756 | D:2      | Reached XP level 3. HP: 29/29 MP: 3/3
  1213 | D:2      | Reached XP level 4. HP: 18/35 MP: 4/4
  1393 | D:2      | Reached skill level 4 in Maces & Flails
  1881 | D:3      | Found a stormy altar of Qazlal.
  1980 | D:3      | Reached ** piety under Trog
  2172 | D:4      | Reached XP level 5. HP: 41/41 MP: 5/5
  2215 | D:5      | Entered Level 5 of the Dungeon
  2223 | D:5      | Noticed an ogre
  2234 | D:5      | Killed an ogre
  2235 | D:5      | Reached skill level 5 in Maces & Flails
  2235 | D:5      | Reached XP level 6. HP: 37/47 MP: 6/6
  2290 | D:5      | HP: 2/48 [centaur (5)]
  2292 | D:5      | Shot with an arrow by a centaur

Illustrated notes

Levels and vault maps discovered:
D:1:      dpeg_arrival_short_road, layout_loops_cross, minmay_misc_feat_ornament
D:2:      minmay_door_path, layout_basic, ebering_ecumenical_altar_abandoned,
          minmay_pentomino_r4
D:3:      layout_basic, grunt_qazlal_clouds, minivault_11, nrook_campfire,
          amcnicky_mini_corridor_feature
D:4:      layout_loops_cross, guppyfry_shop_venom
D:5:      layout_loops_ring, gammafunk_temple_overflow_statue,
          minmay_temple_entry_wispy, ebering_ghost_gozag, minmay_manual_mares

Skill      XL: |  1  2  3  4  5 |
---------------+----------------+-----
Maces & Flails | 4 5 |  5.3
Fighting       | |  3.7
Armour         | |  2.3
Dodging        | |  2.8
Stealth        | |  0.9

Action                   |  1- 3 |  4- 6 || total
-------------------------+-------+-------++-------
Melee: Mace              |    49 |       ||    49
       Morningstar       |    44 |    73 ||   117
Invok: Berserk           |       |     1 ||     1
       Trog's Hand       |       |     1 ||     1
  Use: Scroll            |     2 |     2 ||     4
       Potion            |       |     2 ||     2
 Stab: Sleeping          |       |     1 ||     1
Armor: Animal skin       |    31 |    13 ||    44
       Scale mail        |       |    20 ||    20
Dodge: Dodged            |    93 |    74 ||   167
